 Dungeon Crawl Stone Soup version 0.19.1 (webtiles) character file.

2138 shmeve the Cleaver (level 9, -14/82 HPs)
             Began as a Minotaur Berserker on Nov 30, 2016.
             Was an Elder of Trog.
             Killed from afar by Maurice (16 damage)
             ... with a wand of acid
             ... on level 8 of the Dungeon.
             The game lasted 00:08:55 (4715 turns).

shmeve the Cleaver (Minotaur Berserker)             Turns: 4715, Time: 00:08:57

Health: -14/82     AC:  4    Str: 25    XL:     9   Next: 9%
Magic:  8/8        EV: 10    Int:  4    God:    Trog [****..]
Gold:   366        SH:  5    Dex: 10    Spells: 0 memorised, 8 levels left

rFire  . . .     SeeInvis .     Q - +0 battleaxe
rCold  . . .     Gourm    .     y - +0 chain mail
rNeg   . . .     Faith    .     (shield currently unavailable)
rPois  +         Spirit   .     (helmet restricted)
rElec  .         Reflect  +     (no cloak)
rCorr  .         Harm     .     (no gloves)
MR     ++...                    g - +1 pair of boots
Stlth  ..........               D - +5 amulet of reflection
                                (no ring)
                                n - ring of poison resistance

@: corroded, regenerating
A: retaliatory headbutt, horns 2
a: Berserk, Trog's Hand, Brothers in Arms, Burn Spellbooks, Renounce Religion


You were on level 8 of the Dungeon.
You worshipped Trog.
Trog was greatly pleased with you.
You were not hungry.

You visited 1 branch of the dungeon, and saw 8 of its levels.

You collected 366 gold pieces.

Inventory:

Hand Weapons
 t - a +0 war axe
 Q - a +0 battleaxe (weapon)
Missiles
 j - a throwing net
 R - 2 javelins of returning (quivered)
Armour
 g - a +1 pair of boots (worn)
 y - a +0 chain mail (worn)
Jewellery
 n - a ring of poison resistance (left hand)
 D - a +5 amulet of reflection (around neck)
Wands
 x - a wand of flame (17/48)
 H - a wand of slowing (24/48)
 N - a wand of heal wounds (1/9)
Scrolls
 d - a scroll of teleportation {unknown}
 e - 2 scrolls of enchant weapon
 f - 7 scrolls of identify
 m - 2 scrolls of magic mapping {unknown}
 s - 2 scrolls of amnesia {unknown}
 v - a scroll of fear {unknown}
 w - 3 scrolls of fog {unknown}
 C - a scroll of enchant armour {unknown}
 E - a scroll of immolation {unknown}
 I - a scroll of blinking {unknown}
 J - a scroll of noise {unknown}
 L - a scroll of remove curse
Potions
 a - a potion of might {unknown}
 b - 2 potions of flight {unknown}
 h - 2 potions of degeneration {unknown}
 k - 2 potions of berserk rage {unknown}
 l - 3 potions of lignification {unknown}
 o - a potion of resistance {unknown}
 p - 2 potions of curing {unknown}
 q - 3 potions of mutation {unknown}
 r - a potion of cancellation {unknown}
 z - 2 potions of heal wounds {unknown}
 F - 2 potions of ambrosia {unknown}
 G - 4 potions of brilliance {unknown}
 M - a potion of magic {unknown}
 P - a potion of invisibility {unknown}
Comestibles
 c - 4 bread rations
 i - 2 beef jerkies
 u - 3 meat rations
 B - a slice of pizza
 K - 21 chunks of flesh
 O - 4 fruits


   Skills:
 * Level 8.3 Fighting
 * Level 8.7 Axes
 + Level 4.2 Throwing
 + Level 5.5 Armour
 + Level 5.6 Dodging


You had 8 spell levels left.
You didn't know any spells.

Dungeon Overview and Level Annotations

Branches:
Dungeon (8/15)             Temple (0/1) D:7
   Lair: D:8-11

Altars:
Hepliaklqana
Makhleb
Okawaru
Qazlal
Ru
Sif Muna
Trog
Vehumet
Zin
The Shining One

Shops:
D:7 [

Annotations:
D:8 Maurice


Innate Abilities, Weirdness & Mutations

You reflexively headbutt those who attack you in melee.
You have a pair of horns on your head.


Message History

The bolt of acid hits you! The acid corrodes you!
You are splashed with acid!
The acid burns!
Your chain mail prevents you from hitting something.
Your headbutt misses something. Something hits you.
Something steals your 2 metallic white potions!
You hear some strange, mumbled words.
You completely miss something. You headbutt something!
You hear a zap.
A bolt of acid appears from out of thin air!
The bolt of acid hits you!
* * * LOW HITPOINT WARNING * * *
The acid corrodes you!
You are splashed with acid!
The acid burns!
* * * LOW HITPOINT WARNING * * *
Your skin crawls.
You feel resistant to hostile enchantments.
You feel somewhat more hungry.
You hear a zap.
A bolt of acid appears from out of thin air!
The bolt of acid hits you!
You die...

#..........# ..
#..........# ..
######.#####
#.# #.# ###..
#.# .... #.#
#.. #.# #..##
#.# #.{@#
####.#### #.#.#
#.......# #
#.## #.......#
#..# #.......#
##.#######.####
#.##....#.#
#.##....#.#
#.##......#
#.##......#


There were no monsters in sight!

Vanquished Creatures
  Pikel (D:7)
  Menkaure (D:4)
  An orc warrior (D:8)
  A sky beast (D:6)
  3 slaves (D:7)
  An ice beast (D:5)
  2 centaurs
  An ogre (D:6)
  2 bullfrogs (D:6)
  2 scorpions (D:4)
  A howler monkey (D:4)
  A centaur skeleton (D:4)
  4 hounds
  A jelly (D:5)
  3 orc priests
  4 orc wizards
  2 worker ants
  4 iguanas
  A hound zombie (D:7)
  A hound skeleton (D:4)
  8 gnolls
  5 adders
  A shadow imp (D:6)
  2 oozes
  3 worms
  4 dart slugs
  6 leopard geckos
  32 orcs
  3 giant cockroaches
  7 hobgoblins
  6 jackals
  6 kobolds
  2 quokkas
  A ball python (D:1)
  10 bats
  2 frilled lizards
  7 goblins
  A leopard gecko skeleton (D:6)
  11 rats
154 creatures vanquished.

Notes
Turn   | Place    | Note
-------+----------+-------------------------------------------
     0 | D:1      | shmeve the Minotaur Berserker began the quest for the Orb.
     0 | D:1      | Reached XP level 1. HP: 19/19 MP: 0/0
    87 | D:1      | Found a glowing golden altar of the Shining One.
   143 | D:1      | Reached XP level 2. HP: 19/27 MP: 1/1
   615 | D:1      | Reached XP level 3. HP: 23/33 MP: 2/2
   885 | D:2      | Reached skill level 1 in Throwing
  1055 | D:2      | Reached ** piety under Trog
  1199 | D:2      | Reached XP level 4. HP: 41/41 MP: 3/3
  1499 | D:2      | Found a deep blue altar of Sif Muna.
  1799 | D:3      | Found a deep blue altar of Sif Muna.
  1801 | D:3      | Found a bloodstained altar of Trog.
  1846 | D:3      | Found a stormy altar of Qazlal.
  1854 | D:3      | Found a radiant altar of Vehumet.
  1854 | D:3      | Found a glowing golden altar of the Shining One.
  1854 | D:3      | Found a burning altar of Makhleb.
  1855 | D:3      | Found an iron altar of Okawaru.
  1857 | D:3      | Found a hazy altar of Hepliaklqana.
  1859 | D:3      | Found a sacrificial altar of Ru.
  2313 | D:4      | Reached XP level 5. HP: 39/47 MP: 4/4
  2371 | D:4      | Reached skill level 5 in Axes
  2378 | D:4      | Reached skill level 5 in Fighting
  2399 | D:4      | Noticed Menkaure
  2406 | D:4      | Killed Menkaure
  2406 | D:4      | Reached XP level 6. HP: 48/56 MP: 5/5
  2560 | D:4      | Reached *** piety under Trog
  2577 | D:4      | Reached XP level 7. HP: 59/63 MP: 6/6
  2761 | D:5      | Entered Level 5 of the Dungeon
  3568 | D:6      | Reached XP level 8. HP: 71/71 MP: 7/7
  3863 | D:6      | Reached skill level 5 in Dodging
  4130 | D:7      | Reached **** piety under Trog
  4161 | D:7      | Noticed Pikel
  4171 | D:7      | Killed Pikel
  4171 | D:7      | Reached skill level 5 in Armour
  4182 | D:7      | Found Heikeh's Armour Shop.
  4187 | D:7      | Found a staircase to the Ecumenical Temple.
  4461 | D:7      | Found a glowing silver altar of Zin.
  4632 | D:8      | Reached XP level 9. HP: 80/81 MP: 8/8
  4633 | D:8      | Received a gift from Trog
  4705 | D:8      | Noticed Maurice
  4714 | D:8      | HP: 1/82 [acid (15)]
  4715 | D:8      | Killed from afar by Maurice

Skill      XL: |  1  2  3  4  5  6  7  8 |
---------------+-------------------------+-----
Fighting       | 4 5 6 8 |  8.3
Axes           | 4 5 6 7 8 |  8.7
Throwing       | 1 2 3 4 |  4.2
Dodging        | 3 4 5 |  5.6
Armour         | 3 4 5 |  5.5

Action                   |  1- 3 |  4- 6 |  7- 9 || total
-------------------------+-------+-------+-------++-------
Melee: Hand axe          |    78 |    26 |       ||   104
       Headbutt          |    10 |    16 |    28 ||    54
       War axe           |       |    64 |   146 ||   210
       Battleaxe         |       |       |     2 ||     2
Invok: Berserk           |       |     1 |     2 ||     3
       Trog's Hand       |       |       |     1 ||     1
  Use: Scroll            |       |     2 |       ||     2
 Stab: Sleeping          |     1 |     1 |       ||     2
       Distracted        |       |       |     1 ||     1
  Eat: Chunk             |     1 |     5 |     9 ||    15
Armor: Animal skin       |    21 |    13 |       ||    34
       Chain mail        |       |    30 |    57 ||    87
Dodge: Dodged            |    54 |    59 |    99 ||   212
Block: Other             |       |       |    31 ||    31
       Reflection        |       |       |     1 ||     1
